 Dungeon Crawl Stone Soup version 0.28-a0-1142-gc8569940dd (webtiles) character file.

Game seed: 16484085874817154778

14 IndexError the Ruffian (level 2, 24/24 HPs)
             Began as a Draconian Transmuter on Dec 13, 2021.
             Was a Follower of Trog.
             Quit the game on level 1 of the Dungeon.
             The game lasted 00:01:00 (1243 turns).

IndexError the Ruffian (Draconian Transmuter)       Turns: 1243, Time: 00:01:00

Health: 24/24      AC:  4    Str: 12    XL:     2   Next: 31%
Magic:  5/5        EV: 12    Int: 13    God:    Trog [*.....]
Gold:   15         SH:  0    Dex: 11    Spells: 4/5 levels left

rFire   . . .      SeeInvis .     - Unarmed
rCold   + . .      Faith    .   (no shield)
rNeg    . . .      Spirit   .   (armour unavailable)
rPois   .          Reflect  .   (helmet restricted)
rElec   .          Harm     .   (no cloak)
rCorr   .          Rampage  .   (no gloves)
Will    +....                   (no boots)
Stlth   +.........              (no amulet)
HPRegen 0.08/turn               a - ring of willpower
MPRegen 0.09/turn               c - ring of protection from cold {rC+, !d}

@: no status effects
A: AC +4, unfitting armour, cold-blooded
a: Renounce Religion, Berserk


You were on level 1 of the Dungeon.
You worshipped Trog.
Trog was aware of your devotion.
You visited 1 branch of the dungeon, and saw 1 of its levels.

You collected 15 gold pieces.

Inventory:

Jewellery
 a - a ring of willpower (left hand)
   (You found it on level 1 of the Dungeon)
 c - a ring of protection from cold (right hand) {rC+, !d}
   (You found it on level 1 of the Dungeon)
Scrolls
 b - a scroll of noise {unknown}
 f - a scroll of fear {unknown}
Potions
 d - a potion of mutation {unknown}
 e - a potion of curing {unknown}
 g - a potion of berserk rage {unknown}
 h - a potion of degeneration {unknown}


   Skills:
 + Level 2.0 Fighting
 - Level 1.7 Dodging
 + Level 3.4 Unarmed Combat
 - Level 2.0 Spellcasting
 - Level 2.0 Transmutations


You had 4 spell levels left.
You knew the following spells:

 Your Spells              Type           Power      Damage    Failure   Level
a - Beastly Appendage     Tmut           12%        N/A       11%         1

Your spell library contained the following spells:

 Spells                   Type           Power      Damage    Failure   Level
 Wereblood                Tmut           6%         N/A       17%         2
 Foxfire                  Conj/Fire      4%         2x1d4     26%         1
 Spider Form              Tmut/Pois      3%         N/A       45%         3
 Conjure Flame            Conj/Fire      1%         6-21      58%         3
 Inner Flame              Hex/Fire       1%         N/A       58%         3
 Ice Form                 Ice/Tmut       3%         N/A       86%         4
 Flame Wave               Conj/Fire      1%         2d4       94%         4


Dungeon Overview and Level Annotations

Branches:
Dungeon (1/15)

Altars:
Trog


Innate Abilities, Weirdness & Mutations

Your plain brown scales are hard. (AC +4)
You cannot fit into any form of body armour.
You are cold-blooded and may be slowed by cold attacks.


Message History

There is a faded altar of an unknown god here.
h - a bubbling red potion Health restored: 24; MP restored: 5 You now have 15 gold pieces.
You see here 13 poisoned darts.
Found an escape hatch in the floor.
There is an escape hatch in the floor here.
You pick up a book of Flames and begin reading...
You add the spells Foxfire, Conjure Flame, Inner Flame and Flame Wave to your library.
There is an open door here.
You see here a hobgoblin skeleton.
You see here 15 stones.
An endoplasm comes into view.
An endoplasm is nearby!
An endoplasm is nearby!
An endoplasm is nearby!
Casting: Beastly Appendage (safe; 11% risk of failure)
Confirm with . or Enter, or press ? or * to list all spells.
You grow a pair of large bovine horns.
Your feet morph into talons.
You now have 4/5 mp.
The endoplasm freezes you.
You are frozen.
You resist.
You take 2 damage, and have 22/24 hp.
You hit the endoplasm. The endoplasm barely misses you.
You hit the endoplasm but do no damage. You claw the endoplasm.
Your transformation is almost over.
No target in view!
Your horns disappear.
Your talons disappear.
You open the door.
There is an open door here.
There is an open door here.
A frilled lizard comes into view.
Health restored: 24; MP restored: 5 A frilled lizard is nearby!
A frilled lizard is nearby!
A frilled lizard is nearby!
Casting: Beastly Appendage (safe; 11% risk of failure)
Confirm with . or Enter, or press ? or * to list all spells.
You miscast Beastly Appendage.
You are very lightly contaminated with residual magic.
Nothing appears to happen.
You now have 4/5 mp.
The frilled lizard hisses angrily.
The frilled lizard bites you but does no damage.
You see here 22 stones.
You closely miss the frilled lizard.
The frilled lizard bites you but does no damage.
Casting: Beastly Appendage (safe; 11% risk of failure)
Confirm with . or Enter, or press ? or * to list all spells.
You grow a pair of large bovine horns.
Your feet morph into talons.
The frilled lizard bites you.
You take 2 damage, and have 22/24 hp.
You now have 3/5 mp.
You completely miss the frilled lizard.
Your headbutt misses the frilled lizard.
You completely miss the frilled lizard. Your kick misses the frilled lizard.
You tail-slap the frilled lizard.
Your magical contamination has completely faded away.
Your Fighting skill increases to level 2!
No target in view!
Your transformation is almost over.
Your horns disappear.
Your talons disappear.
You see here 18 sling bullets.
There is an open door here.
There is an open door here.
You see here 13 bolts.
An endoplasm comes into view.
The endoplasm quivers.
The endoplasm moves out of view.
Health restored: 24; MP restored: 5
Casting: Beastly Appendage (safe; 11% risk of failure)
Confirm with . or Enter, or press ? or * to list all spells.
You grow a pair of large bovine horns.
Your feet morph into talons.
You now have 4/5 mp.
The endoplasm freezes you.
You are frozen.
You resist.
You take 2 damage, and have 22/24 hp.
You hit the endoplasm. The endoplasm freezes you.
You are frozen.
You resist.
You hit the endoplasm.
No target in view!
Search for what [? for help]? alt Your transformation is almost over.
Your horns disappear.
Your talons disappear.
You see here 13 bolts.
There is an open door here.
There is an open door here.
There is an open door here.
As you open the door, it creaks loudly!
There is an open door here.
There is an open door here.
There is a faded altar of an unknown god here.
Health restored: 24; MP restored: 5 You cannot tell which god this altar belongs to.
Convert to them anyway?
Okay, then.
You cannot tell which god this altar belongs to.
Convert to them anyway?
Trog accepts your prayer! Trog welcomes you!
You can now go berserk at will.
Found a stone staircase leading down.
Are you sure you want to abandon this character and quit the game? (Confirm with "yes".)

#......(..#
#.########
###########
#.# #.# #.#
#.# #.#
#######.#
........#####
#####..@....#
#.#.###.#
...... .#
>........ .#
#####..?.##
#.# #.....
#.# ###.##
#.# #.# #.#


There were no monsters in sight!

Vanquished Creatures
  2 ball pythons (D:1)
  4 endoplasms (D:1)
  A hobgoblin (D:1)
  2 kobolds (D:1)
  A frilled lizard (D:1)
  2 rats (D:1)
12 creatures vanquished.

Notes
Turn   | Place    | Note
-------+----------+-------------------------------------------
     0 | D:1      | IndexError the Draconian Transmuter began the quest for the
                  | Orb.
     0 | D:1      | Reached XP level 1. HP: 16/16 MP: 3/3
   614 | D:1      | Found a faded altar of an unknown god.
   618 | D:1      | Reached XP level 2. HP: 24/24 MP: 5/5
  1000 | D:1      | Reached skill level 2 in Fighting
  1218 | D:1      | Prayed at the altar of an unknown god.
  1218 | D:1      | Became a worshipper of Trog the Wrathful
  1218 | D:1      | Reached * piety under Trog
  1243 | D:1      | Quit the game

Illustrated notes

Levels and vault maps discovered:
D:1:      tarquinn_simple_flora_water_d, layout_loops_corners,
          basic_ecumenical_altar

Skill      XL: |  1  2 |
---------------+-------+-----
Fighting       | 2 |  2.0
Dodging        | |  1.7
Unarmed Combat | |  3.4
Spellcasting   | |  2.0
Transmutations | |  2.0

Action                   || total
-------------------------++-------
Melee: Unarmed           ||    42
       Tailslap          ||     5
       Headbutt          ||     2
       Kick              ||     3
 Cast: Beastly Appendage ||     8
Armor: Skin              ||    11
Dodge: Dodged            ||    14

Table legend: (Time is in decaauts)
 A = Elapsed time spent in this place.
 B = Non-inter-level travel time spent in this place.
 C = Inter-level travel time spent in this place.
 D = Time resting spent in this place.
 E = Time spent auto-exploring this place.
 F = Levels seen in this place.
 G = Mean time per level.
                   A        B        C        D        E       F      G
               +--------+--------+--------+--------+--------+-----+--------+
         Total |   1239 |   1141 |     98 |      0 |   1039 |   1 | 1239.0 |
       Dungeon |   1239 |   1141 |     98 |      0 |   1039 |   1 | 1239.0 |
               +--------+--------+--------+--------+--------+-----+--------+

Top non-repeatable levels by time:
     D:1: 1239 daAuts

Table legend:
 A = Kills in this place as a percentage of kills in entire the game.
 B = Kills by you in this place as a percentage of kills by you in the entire game.
 C = Kills by friends in this place as a percentage of kills by friends in the entire game.
 D = Other kills in this place as a percentage of other kills in the entire game.
 E = Experience gained in this place as a percentage of experience gained in the entire game.
 F = Experience gained in this place divided by the number of levels of this place that you have seen.
                   A       B       C       D       E      F
               +-------+-------+-------+-------+-------+----------------------
         Total | 100.0 | 100.0 |   N/A |   N/A | 100.0 |  21.0
       Dungeon | 100.0 | 100.0 |   N/A |   N/A | 100.0 |  21.0
               +-------+-------+-------+-------+-------+----------------------
